 Dungeon Crawl Stone Soup version 0.30.1-1-g62c8e00024 (webtiles) character file.

Game seed: 14149402062598083586

32999 wingedge the Destroyer (level 13, -9/104 HPs)
             Began as a Demigod Wanderer on July 9, 2023.
             Killed from afar by a rime drake (13 damage)
             ... with an icy flash freeze
             ... on level 3 of the Lair of Beasts on July 15, 2023.
             The game lasted 00:59:08 (20225 turns).

wingedge the Destroyer (Demigod Wanderer)          Turns: 20225, Time: 00:59:08

Health: -9/104     AC: 11    Str: 19    XL:     13   Next: 6%
Magic:  28/48      EV: 16    Int: 35    God:
Gold:   507        SH:  6    Dex:  7    Spells: 8/30 levels left

rFire   + . .        b - +0 scimitar of the Sneaky Allies {flame, rF+ MP+9 Dex-4 SInv}
rCold   . . .        X - +2 buckler "Eliliruk" {Contam rN++ rCorr SInv}
rNeg    + + .        K - +5 robe of Misfortune {Harm *Corrode *Slow EV+5}
rPois   .            Y - +0 helmet
rElec   .            B - scarf of the Stone Wall {repulsion, Str+3 Stlth+}
rCorr   +            E - +1 pair of gloves
SInv    +            D - +0 pair of boots
Will    +....        M - amulet of regeneration
Stlth   ++           h - +6 ring of intelligence
HPRegen 1.17/turn    l - ring of magical power
MPRegen 0.31/turn

%: corrode self (3%), slow self (1%), harm (+30% outgoing, +20% incoming), repel
missiles
@: brilliant, very slightly contaminated, very slow
A: high MP 1, forlorn, divine attributes
a: no special abilities


You were on level 3 of the Lair of Beasts.
You visited 2 branches of the dungeon, and saw 13 of its levels.
You also visited: Ossuary and Bailey.

You collected 684 gold pieces.
You spent 177 gold pieces at shops.

Inventory:

Hand Weapons
 a - a +5 spectral morningstar
 b - the +0 scimitar of the Sneaky Allies (weapon) {flame, rF+ MP+9 Dex-4 SInv}
   (You found it in a bailey)

   Dex:       It affects your dexterity (-4).
   rF:        It protects you from fire.
   MP:        It affects your magic capacity (+9).
   SInv:      It lets you see invisible.
Missiles
 q - 13 boomerangs (quivered)
 J - 4 curare-tipped darts
Armour
 f - a +2 robe of fire resistance
 B - the scarf of the Stone Wall (worn) {repulsion, Str+3 Stlth+}
   (You acquired it on level 9 of the Dungeon)

   Str:       It affects your strength (+3).
   Stlth:     It makes you more stealthy.
 D - a +0 pair of boots (worn)
 E - a +1 pair of gloves (worn)
 K - the +5 robe of Misfortune (worn) {Harm *Corrode *Slow EV+5}
   (You found it on level 5 of the Dungeon)

   EV:        It affects your evasion (+5).
   *Corrode:  It may corrode you when you take damage.
   *Slow:     It may slow you when you take damage.
   Harm:      It increases damage dealt and taken.
 T - the +5 scale mail of Muttered Phrases {rF+ rC- Str+5}
   (You found it in a bailey)

   Str:       It affects your strength (+5).
   rF:        It protects you from fire.
   rC:        It makes you vulnerable to cold.
 U - +1 ice dragon scales
 X - the +2 buckler "Eliliruk" (worn) {Contam rN++ rCorr SInv}
   (You found it on level 9 of the Dungeon)

   rN:        It greatly protects you from negative energy.
   SInv:      It lets you see invisible.
   Contam:    It causes magical contamination when unequipped.
   rCorr:     It protects you from acid and corrosion.
 Y - a +0 helmet (worn)
 Z - a +0 hat of see invisible
Magical Staves
 d - a staff of cold
 t - a staff of poison
Jewellery
 h - a +6 ring of intelligence (left hand)
 l - a ring of magical power (right hand)
 H - a ring of fire
 M - an amulet of regeneration (around neck)
 R - a ring of wizardry
Wands
 o - a wand of charming (11)
 u - a wand of iceblast (11)
 x - a wand of digging (3)
 G - a wand of light (5)
Scrolls
 e - 2 scrolls of brand weapon
 k - a scroll of teleportation
 n - 4 scrolls of vulnerability
 p - a scroll of fog
 r - 2 scrolls of amnesia
 s - 6 scrolls of immolation
 w - 3 scrolls of magic mapping
 y - 6 scrolls of enchant armour
 C - a scroll of fear
 N - a scroll of enchant weapon {unknown}
Potions
 c - a potion of cancellation {unknown}
 g - 2 potions of brilliance
 i - 5 potions of lignification {unknown}
 j - 5 potions of attraction {unknown}
 m - 6 potions of magic
 v - 7 potions of heal wounds {unknown}
 z - 8 potions of might {unknown}
 A - 3 potions of invisibility {unknown}
 F - 5 potions of curing
 L - 3 potions of ambrosia {unknown}
 O - 3 potions of flight {unknown}
 P - 2 potions of haste
 Q - 3 potions of mutation {unknown}
 S - a potion of berserk rage {unknown}
 W - 2 potions of resistance {unknown}
Miscellaneous
 V - a phial of floods (inert)


   Skills:
 + Level 6.7 Fighting
 - Level 6.0 Maces & Flails
 - Level 3.0 Armour
 - Level 3.0 Dodging
 - Level 3.0 Stealth
 - Level 6.0 Shields
 + Level 9.2 Spellcasting
 + Level 12.0 Conjurations
 - Level 4.0 Hexes
 - Level 8.0 Fire Magic


You had 8 spell levels left.
You knew the following spells:

 Your Spells              Type           Power      Damage    Failure   Level
a - Foxfire               Conj/Fire      100%       2x1d9     1%          1
b - Scorch                Fire           100%       2d9       1%          2
c - Inner Flame           Hex/Fire       72%        N/A       1%          3
d - Tukima's Dance        Hex            60%        N/A       1%          3
e - Fireball              Conj/Fire      46%        3d18      1%          5
f - Iskenderun's Battles  Conj           100%       2d15      1%          5
g - Stone Arrow           Conj/Erth      100%       3d13      1%          3

Your spell library contained the following spells:

 Spells                   Type           Power      Damage    Failure   Level
 Dazzling Flash           Conj/Hex       100%       N/A       1%          3
 Volatile Blastmotes      Fire/Tloc      100%       2d18      1%          3
 Iskenderun's Mystic Bla  Conj/Tloc      73%        2d15      2%          4
 Sandblast                Erth           48%        2d12      3%          1
 Summon Small Mammal      Summ           96%        N/A       3%          1
 Ignite Poison            Fire/Tmut/Pois 51%        N/A       3%          3
 Cigotuvi's Dreadful Rot  Necr/Pois/Air  48%        N/A       4%          2
 Passwall                 Tmut/Erth      20%        N/A       4%          2
 Portal Projectile        Hex/Tloc       90%        N/A       4%          3
 Summon Guardian Golem    Hex/Summ       45%        N/A       4%          3
 Arcjolt                  Conj/Air       36%        1d46      8%          5
 Starburst                Conj/Fire      46%        6d13      9%          6
 Call Canine Familiar     Summ           24%        N/A       10%         3
 Vhi's Electric Charge    Tloc/Air       48%        N/A       10%         3
 Freezing Cloud           Conj/Ice/Air   30%        6-21      19%         5
 Orb of Destruction       Conj           50%        9d13      21%         7
 Silence                  Hex/Air        22%        N/A       38%         5
 Conjure Ball Lightning   Conj/Air       36%        3x3d12    38%         6
 Agony                    Necr           24%        N/A       67%         5
 Blade Hands              Tmut           12%        N/A       67%         5
 Summon Forest            Summ/Tloc      12%        N/A       67%         5
 Eringya's Noxious Bog    Tmut/Pois      12%        N/A       99%         6
 Summon Hydra             Summ           12%        N/A       100%        7
 Maxwell's Capacitive Co  Air            12%        ∞         100%        8


Dungeon Overview and Level Annotations

Branches:
Dungeon (10/15)            Temple (0/1) D:5            Lair (3/5) D:10
 Shoals (0/4) Lair:2        Snake (0/4) Lair:3      Ossuary (visited)
 Bailey (visited)
    Orc: D:9-12

Shops:
D:1 [   D:6 !   D:7 *

Annotations:
Lair:3 jurchenman's ghost, journeyman MiFi


Innate Abilities, Weirdness & Mutations

You have an increased reservoir of magic. (+10% MP)
You shall have no god before yourself.
Your divine heritage dramatically boosts your attributes as you level up.


Message History

Jurchenman's ghost hits you!! The rime drake breathes ice at you.
The icy flash freeze hits you!!
* * * LOW HITPOINT WARNING * * *
You are encased in ice.
Casting: Fireball (dangerous; 1% risk of failure)
Confirm with . or Enter, or press ? or * to list all spells.
Aiming: Fireball (dangerous; 1% risk of failure)
Press: ? - help, Shift-Dir - straight line You feel a surge of power!
You miscast Fireball.
You are very lightly contaminated with residual magic.
You are blasted with searing flames.
You resist.
* * * LOW HITPOINT WARNING * * *
A nearby plant withers and dies.
Jurchenman's ghost hits you but does no damage.
Okay, then.
You feel better. The rime drake misses you. Jurchenman's ghost hits you!
* * * LOW HITPOINT WARNING * * *
Jurchenman's ghost burns you.
* * * LOW HITPOINT WARNING * * *
Okay, then.
Casting: Fireball (dangerous; 1% risk of failure)
Confirm with . or Enter, or press ? or * to list all spells.
You don't know that spell.
Unknown command.
Aim the phial where?
Press: ? - help, Shift-Dir - straight line, f - rime drake
Aim: a rime drake (almost dead)
The torrent of water hits jurchenman's ghost but does no damage.
Jurchenman's ghost is heavily damaged.
The wave splashes down.
Splash!
You fall into the shallow water.
Moving in this stuff is going to be slow.
The rime drake is engulfed in water. x2
The ice encasing you melts away.
You hear an angry hiss.
The rime drake breathes ice at you. The icy flash freeze hits you!
You die...

##...##..####.#P##...........
#........#####...#...##...#..
#.#.............#....##......
#.##P####.##.P##...#.P#.....P
#..### ########.............
#.## ####.#........... #..#
##...........#.##. ##.##
#####..*.#####...##### #...#
#..kk@~###..Z###..# ##.##
##..~W###....Z..##.# #.#
#...Z##..!.###...#.# ## #.##
##...#Z...# #..#.###. ###..#
#...#kZ.##[. #..#....# #....#
###...'Z..#}...#.##..#..
##..##
#.#...'...#?.=.Z.#..##..
##.##
##..P.'...##[....#.....# #..#
##....#....#.....##..#.#


You could see 2 rime drakes, jurchenman's ghost (ally target), a five-headed
hydra simulacrum and a friendly battlesphere.

Vanquished Creatures
  Gastronok (D:10)
  A dire elephant (Lair:2)
  A catoblepas (Lair:3)
  A two-headed ogre (D:10)
  Nergalle (Lair:3)
  Sonja (Lair:2)
  An oklob plant (D:10)
  23 elephants (Lair:2)
  A gargoyle (Bailey)
  The ghost of ZoeForever1 the Ruffian, a novice DrTm (D:6)
  7 cane toads
  2 rime drakes
  5 komodo dragons
  2 polar bears (Lair:2)
  11 blink frogs
  A snapping turtle (Lair:2)
  A shadow (D:8)
  2 vampires
  A spriggan (Lair:2)
  2 wraiths
  29 yaks
  2 wyverns
  2 basilisks
  A steam dragon (D:7)
  Edmund (D:6)
  3 nagas (Lair:3)
  8 water moccasins
  3 orc warriors
  An ice beast (D:7)
  2 sky beasts (D:7)
  A boulder beetle simulacrum (Lair:3)
  A hornet zombie (Ossuary)
  3 centaurs
  A phantom (D:4)
  2 kobold brigands
  14 bullfrogs
  2 wyvern zombies (Ossuary)
  2 gnoll sergeants
  3 scorpions
  8 wights
  2 water moccasin zombies (Ossuary)
  2 blink frog simulacra (Lair:3)
  25 killer bees
  5 vampire bats (Bailey)
  7 wolf zombies (Bailey)
  3 centaur zombies (Ossuary)
  A gnoll bouda (D:7)
  Crazy Yiuf (D:4)
  3 bullfrog zombies (Ossuary)
  7 orc priests
  3 hounds
  A sleepcap (D:4)
  19 mummies (Ossuary)
  5 hell rats (Lair:1)
  3 iguanas (D:5)
  10 orc wizards
  2 killer bee zombies (Ossuary)
  5 howler monkey zombies (Ossuary)
  25 gnolls
  11 adders
  A shadow imp (D:7)
  A white imp (D:7)
  A worm (D:5)
  3 dart slugs
  39 orcs
  4 ball pythons
  8 bats
  5 endoplasms
  3 giant cockroaches
  6 hobgoblins
  4 jackals (D:3)
  14 kobolds
  3 quokkas
  2 frilled lizards
  2 goblins (D:1)
  22 orc zombies (Bailey)
  6 rats
  A foxfire (Lair:2)
420 creatures vanquished.

Vanquished Creatures (collateral kills)
  Maggie (D:6)
  A wight (D:7)
  An orc (D:6)
3 creatures vanquished.

Vanquished Creatures (others)
  2 dancing weapons
  282 foxfires
284 creatures vanquished.

Grand Total: 707 creatures vanquished

Notes
Turn   | Place    | Note
-------+----------+-------------------------------------------
     0 | D:1      | wingedge the Demigod Wanderer began the quest for the Orb.
     0 | D:1      | wingedge set off with the following items: a +1 mace, a
                  | potion of haste, a +0 leather armour; and the following
                  | spell memorised: Foxfire; and the following spells
                  | available to memorise: Scorch, Inner Flame.
     0 | D:1      | Reached XP level 1. HP: 16/16 MP: 5/5
   279 | D:1      | Reached skill level 1 in Conjurations
   447 | D:1      | Reached XP level 2. HP: 23/23 MP: 5/7
   698 | D:1      | Found Ofuraco's Armour Emporium.
  1019 | D:1      | Reached skill level 2 in Conjurations
  1022 | D:1      | Learned a level 2 spell: Scorch
  1195 | D:1      | Bought a +0 robe for 9 gold pieces
  1611 | D:2      | Reached XP level 3. HP: 28/28 MP: 3/8
  2078 | D:2      | Reached XP level 4. HP: 26/35 MP: 4/9
  2497 | D:3      | Reached skill level 3 in Conjurations
  3732 | D:4      | Reached XP level 5. HP: 40/40 MP: 5/10
  3823 | D:4      | Noticed a centaur
  3830 | D:4      | Killed a centaur
  4101 | D:4      | Reached skill level 4 in Conjurations
  4393 | D:4      | Reached XP level 6. HP: 48/48 MP: 2/11
  4695 | D:4      | Found a runed translucent door.
  4696 | D:4      | Noticed Crazy Yiuf
  4703 | D:4      | Killed Crazy Yiuf
  5211 | D:5      | Entered Level 5 of the Dungeon
  5214 | D:5      | Noticed a water moccasin
  5222 | D:5      | Killed a water moccasin
  5361 | D:5      | Learned a level 3 spell: Inner Flame
  5365 | D:5      | Learned a level 3 spell: Tukima's Dance
  5405 | D:4      | Reached skill level 1 in Hexes
  5405 | D:4      | Reached XP level 7. HP: 32/57 MP: 2/15
  6015 | D:5      | Found a staircase to the Ecumenical Temple.
  6073 | D:5      | Found the +5 robe of Misfortune {Harm *Corrode *Slow EV+5}
  6635 | D:6      | Reached XP level 8. HP: 17/63 MP: 2/17
  6758 | D:6      | Found Qenut's Distillery.
  6764 | D:6      | Noticed Maggie
  6775 | D:6      | Killed Maggie
  6838 | D:6      | Found a sand-covered staircase.
  6845 | Ossuary  | Entered an ossuary
  6972 | Ossuary  | Reached skill level 5 in Fighting
  7308 | Ossuary  | Reached XP level 9. HP: 75/75 MP: 5/18
  7926 | D:6      | Found a runed translucent gate.
  7927 | D:6      | Found a runed translucent gate.
  7927 | D:6      | Noticed ZoeForever1's ghost (novice DrTm)
  7928 | D:6      | Found a runed translucent gate.
  7929 | D:6      | Identified the +4 chain mail "Kejix" {Str+2}
  7932 | D:6      | Noticed Edmund
  7940 | D:6      | Killed Edmund
  8327 | D:6      | Bought a potion of curing for 42 gold pieces
  8327 | D:6      | Bought a potion of degeneration for 14 gold pieces
  8327 | D:6      | Bought a potion of magic for 112 gold pieces
  8461 | D:6      | Killed ZoeForever1's ghost
  8507 | D:6      | Reached skill level 5 in Fire Magic
  8584 | D:6      | Reached skill level 5 in Spellcasting
  9553 | D:7      | Found Duret's Assorted Antiques.
  9738 | D:7      | Learned a level 5 spell: Fireball
  9744 | D:7      | Learned a level 5 spell: Iskenderun's Battlesphere
  9823 | D:7      | Reached XP level 10. HP: 59/83 MP: 2/22
 10242 | D:8      | Reached skill level 5 in Maces & Flails
 10559 | D:8      | Reached skill level 5 in Conjurations
 11134 | D:9      | Identified a scroll of acquirement
 11134 | D:9      | Acquired the scarf of the Stone Wall {repulsion, Str+3
                  | Stlth+}
 11275 | D:9      | Found a flagged portal.
 11284 | Bailey   | Entered a bailey
 11759 | Bailey   | Reached skill level 6 in Conjurations
 12234 | Bailey   | Identified the +5 scale mail of Muttered Phrases {rF+ rC-
                  | Str+5}
 12342 | Bailey   | Identified the +7 chain mail "Qakk" {rF+ Slay+3}
 12344 | Bailey   | Identified the +0 scimitar of the Sneaky Allies {flame, rF+
                  | MP+9 Dex-4 SInv}
 12917 | D:9      | Reached skill level 7 in Conjurations
 12921 | D:9      | Learned a level 3 spell: Stone Arrow
 13291 | D:9      | Identified the +2 buckler "Eliliruk" {Contam rN++ rCorr
                  | SInv}
 13528 | D:10     | Entered Level 10 of the Dungeon
 13539 | D:10     | Reached XP level 11. HP: 78/89 MP: 15/25
 13690 | D:10     | Found a staircase to the Lair.
 13999 | D:10     | Noticed Gastronok
 14004 | D:10     | Killed Gastronok
 14005 | D:10     | Reached skill level 8 in Conjurations
 14389 | D:10     | Noticed a two-headed ogre
 14399 | D:10     | Killed a two-headed ogre
 14400 | D:10     | Reached skill level 1 in Shields
 14642 | D:10     | Upgraded the game from 0.30.1 to 0.30.1-1-g62c8e00024
 14652 | Lair:1   | Entered Level 1 of the Lair of Beasts
 15156 | Lair:1   | Reached skill level 9 in Conjurations
 16090 | Lair:2   | Noticed Sonja
 16091 | Lair:2   | Killed Sonja
 16448 | Lair:2   | Reached skill level 5 in Shields
 16743 | Lair:2   | Reached skill level 10 in Conjurations
 16743 | Lair:2   | Reached XP level 12. HP: 96/96 MP: 26/26
 17247 | Lair:2   | Found a staircase to the Shoals.
 17662 | Lair:2   | Reached skill level 11 in Conjurations
 17919 | Lair:2   | Noticed a dire elephant
 17933 | Lair:2   | Killed a dire elephant
 19074 | Lair:3   | Noticed a catoblepas
 19084 | Lair:3   | Killed a catoblepas
 19563 | Lair:3   | Noticed Nergalle
 19565 | Lair:3   | Reached XP level 13. HP: 103/103 MP: 30/30
 19573 | Lair:3   | Killed Nergalle
 19574 | Lair:3   | Reached skill level 12 in Conjurations
 19784 | Lair:3   | Found a staircase to the Snake Pit.
 19983 | Lair:3   | Noticed jurchenman's ghost (journeyman MiFi)
 20004 | Lair:3   | Found a runed translucent gate.
 20004 | Lair:3   | Found a runed translucent gate.
 20004 | Lair:3   | Found a runed translucent gate.
 20224 | Lair:3   | HP: 4/104 [jurchenman's ghost (19)]
 20225 | Lair:3   | Killed from afar by a rime drake

Illustrated notes

Levels and vault maps discovered:
D:1:      wheals_arrival_shading, layout_basic, serial_shops, shop,
          ebering_dispersal_statue_hall
D:2:      layout_basic, nicolae_grassy_gnolls
D:3:      layout_rooms, tso_metal_star, mainiacjoe_overflow_paths
D:4:      layout_layer_cave, kennysheep_mini_moat, uniq_crazy_yiuf_cottage
D:5:      layout_loops_ring, mainiacjoe_overflow_alcove_1,
          mainiacjoe_overflow_concentric_impassable, minmay_temple_entry_arrows
D:6:      layout_basic, lemuel_doored_altar, nicolae_ossuary_entry_monument,
          biasface_ghost_orc_armoury, serial_shops, shop, uniq_edmund,
          uniq_maggie
D:7:      layout_cave_pools, nicolae_overflow_crystal_walls,
          nicolae_take_the_stairs, hangedman_abyss_or_decor_lesser_grid,
          minmay_misc_feat_enclosed, st_stairs_9
D:8:      layout_loops_ring
D:9:      layout_loops_ring, enter_bailey_2, minivault_21,
          nicolae_nh_ransacked_shop
D:10:     layout_loops_ring, cheibriados_altar_1, mainiacjoe_overflow_big_doors,
          dpeg_oklobed_lair, uniq_gastronok
Lair:1:   layout_loops_ring
Lair:2:   mu_elephants_graveyard, layout_cave_shapes, minmay_shoals_entry_hut,
          hibernation_bobbens, uniq_sonja
Lair:3:   layout_loops_ring, minmay_snake_entry_guardpost_small,
          gammafunk_ghost_icy, uniq_nergalle

Skill      XL: |  1  2  3  4  5  6  7  8  9 10 11 12 13 |
---------------+----------------------------------------+-----
Fire Magic     | 2 3 4 6 7 8 |  8.0
Conjurations   | 1 2 3 4 7 10 11 12 | 12.0
Maces & Flails | 2 3 4 6 |  6.0
Fighting       | 2 3 6 |  6.7
Spellcasting   | 3 4 6 7 9 |  9.2
Hexes          | 1 3 4 |  4.0
Dodging        | 2 3 |  3.0
Stealth        | 2 3 |  3.0
Armour         | 2 3 |  3.0
Shields        | 5 6 |  6.0

Action                     |  1- 3 |  4- 6 |  7- 9 | 10-12 | 13-15 || total
---------------------------+-------+-------+-------+-------+-------++-------
  Melee: Mace              |     4 |     2 |    76 |       |       ||    82
         Short sword       |     3 |     8 |       |       |       ||    11
         Dagger            |     1 |       |       |       |       ||     1
         Spear             |       |     1 |       |       |       ||     1
         Punch             |       |       |     2 |       |       ||     2
         Morningstar       |       |       |    16 |    27 |       ||    43
         Scimitar          |       |       |       |     1 |       ||     1
   Cast: Foxfire           |    39 |    26 |    25 |    78 |       ||   168
         Scorch            |    23 |    62 |   172 |    81 |       ||   338
         Inner Flame       |       |       |    10 |    13 |       ||    23
         Tukima's Dance    |       |       |    12 |     3 |       ||    15
         Fireball          |       |       |     2 |   102 |     5 ||   109
         Iskenderun's Batt |       |       |       |    21 |     2 ||    23
         Stone Arrow       |       |       |       |   139 |     9 ||   148
  Evoke: Wand              |       |       |     4 |     1 |       ||     5
         Phial of floods   |       |       |       |       |     1 ||     1
    Use: Scroll            |       |     4 |     5 |     6 |     1 ||    16
         Potion            |       |       |     4 |       |     2 ||     6
   Stab: Sleeping          |     1 |     1 |       |       |       ||     2
 Armour: Robe              |     2 |     7 |    63 |    45 |     1 ||   118
         Skin              |     1 |       |       |       |       ||     1
  Dodge: Dodged            |    14 |    20 |   191 |   127 |     5 ||   357
         Repelled          |       |       |       |     2 |     1 ||     3
  Block: Buckler           |       |       |       |    20 |     1 ||    21
